Map: [ESL] Solaris

Players

Solar - Winner!

  • Race: Zerg Zerg
  • Spawn Location: 1:00

HeroMarine

  • Race: Terran Terran
  • Spawn Location: 7:00

Event: ESL SC2 Masters 2023 Winter (Finals)

VOD

Have the link to the VOD?

Description

Time

  • Played on: Dec. 16, 2023, 12:35 p.m.
  • Length: 11:36

All games in this series

Show
View Real Time Build Order
Export as new Build Order

Solar Zerg - Winner!

Build Orders: Hatch First 

Get SALT Encoding   

  12  0:00  Drone  
  13  0:12  Overlord  
  13  0:16  Drone  
  14  0:30  Drone x2  
  16  0:47  Hatchery  
  15  0:51  Drone  
  15  0:54  Drone  
  17  0:58  Drone  
  18  1:08  Extractor  
  17  1:13  Spawning Pool  
  17  1:16  Drone  
  17  1:19  Drone  
  18  1:29  Drone  
  19  1:41  Drone  
  20  1:53  Drone  
  21  2:00  Queen x2  
  21  2:01  Zergling x4  
  27  2:13  Overlord  
  27  2:14  Drone  
  28  2:24  Evolution Chamber  
  28  2:27  Drone  
  28  2:29  Drone  
  28  2:31  Hatchery  
  28  2:37  Queen  
  28  2:40  Drone  
  28  2:43  Metabolic Boost  
  31  2:47  Drone  
  32  2:52  Overlord  
  32  2:55  Drone  
  32  2:56  Drone  
  34  3:00  Drone  
  34  3:04  Drone  
  35  3:11  Drone x4  
  39  3:16  Queen  
  42  3:20  Drone  
  42  3:22  Overlord  
  42  3:25  Drone  
  43  3:40  Queen  
  45  3:42  Drone  
  45  3:43  Drone x5  
  45  3:46  Queen  
  53  3:50  Drone, Spore Crawler  
  53  3:52  Zergling x2  
  53  3:54  Overlord  
  55  3:58  Drone x2  
  55  4:00  Overlord  
  57  4:04  Overlord  
  57  4:12  Overlord  
  57  4:14  Zergling x2  
  57  4:15  Drone x5  
  63  4:17  Lair  
  63  4:22  Queen  
  63  4:24  Drone  
  66  4:26  Drone  
  66  4:27  Drone  
  66  4:29  Queen  
  70  4:33  Drone x3  
  70  4:37  Extractor  
  70  4:38  Drone, Extractor  
  73  4:44  Roach Warren  
  73  4:45  Drone x2  
  73  4:50  Spore Crawler x2  
  73  4:51  Drone x4  
  73  4:52  Spore Crawler  
  74  4:54  Drone x2  
  74  4:56  Zergling x4  
  74  4:59  Zergling x2  
  79  5:01  Overlord  
  79  5:03  Drone x2  
  79  5:06  Drone x2, Extractor  
  82  5:07  Extractor, Overlord  
  82  5:10  Overlord  
  82  5:12  Overlord  
  81  5:15  Overseer  
  81  5:19  Drone x2  
  83  5:23  Drone, Glial Reconstitution  
  83  5:24  Extractor  
  83  5:29  Drone x2  
  83  5:33  Drone  
  83  5:34  Drone  
  87  5:35  Drone  
  87  5:36  Drone x2  
  87  5:39  Roach x6  
  102  5:43  Overlord  
  102  5:49  Drone  
  96  5:54  Roach  
  96  5:55  Roach  
  98  6:00  Drone x2  
  98  6:03  Drone x2  
  97  6:04  Drone  
  97  6:09  Overlord  
  97  6:10  Pneumatized Carapace  
  98  6:11  Roach  
  98  6:12  Roach  
  98  6:16  Overlord  
  98  6:17  Roach  
  98  6:18  Roach  
  106  6:19  Roach  
  106  6:21  Hatchery  
  106  6:24  Roach x2  
  111  6:29  Roach x4  
  119  6:36  Roach  
  119  6:40  Roach x2  
  123  6:48  Overlord  
  123  6:50  Drone  
  123  6:51  Ravager  
  123  6:52  Ravager x4  
  123  6:53  Roach x4, Overlord  
  137  6:55  Overlord  
  137  7:00  Overlord  
  137  7:03  Overlord  
  137  7:05  Overlord  
  137  7:06  Overlord  
  137  7:07  Roach  
  137  7:08  Roach  
  141  7:10  Roach, Ravager x3  
  141  7:14  Roach x2  
  141  7:15  Ravager  
  151  7:20  Zergling x2, Overlord  
  151  7:21  Zergling x6  
  155  7:25  Roach x3  
  155  7:30  Queen  
  155  7:34  Roach  
  155  7:39  Roach x2  
  155  7:40  Roach  
  149  7:45  Roach x2  
  149  7:46  Roach  
  148  7:53  Overseer  
  148  7:54  Roach x4  
  148  7:57  Roach  
  157  8:02  Roach x2  
  142  8:07  Roach x3  
  142  8:11  Zergling x6  
  138  8:17  Roach x2  
  142  8:20  Roach  
  142  8:23  Queen  
  142  8:25  Roach  
  135  8:29  Roach  
  135  8:33  Roach  
  135  8:34  Roach  
  130  8:37  Roach  
  130  8:40  Roach  
  129  8:41  Roach  
  129  8:44  Roach  
  125  8:49  Roach x3  
  125  8:53  Queen  
  133  8:56  Overseer  
  133  9:00  Roach x3  
  139  9:04  Queen  
  139  9:07  Ravager x2  
  139  9:08  Ravager x2  
  145  9:10  Queen  
  145  9:12  Overlord  
  145  9:13  Ravager x2  
  145  9:15  Zergling x2  
  150  9:18  Roach  
  150  9:19  Overseer  
  150  9:20  Overlord  
  152  9:24  Drone, Spore Crawler  
  152  9:25  Overlord  
  152  9:29  Overlord  
  156  9:31  Roach x2  
  156  9:36  Ravager x4  
  156  9:38  Queen  
  160  9:39  Overlord  
  160  9:40  Roach  
  160  9:44  Roach x2  
  160  9:45  Roach  
  170  9:50  Roach x3  
  176  9:53  Ravager x2  
  176  9:54  Zergling x6  
  176  9:55  Zergling x2  
  176  9:58  Zergling x6  
  185  10:00  Overlord  
  185  10:03  Overlord  
  189  10:07  Roach x3  
  189  10:11  Zergling x2  
  189  10:13  Zergling x2  
  186  10:22  Roach x7  
  186  10:24  Roach  
  186  10:27  Roach  
  197  10:30  Roach  
  197  10:34  Zergling x10  
  197  10:35  Infestation Pit  
  194  10:40  Drone x5  
  194  10:41  Drone x2  
  190  10:43  Drone  
  190  10:49  Drone  
  189  10:54  Roach x3  
  180  10:58  Ravager  
  173  11:07  Evolution Chamber  
  173  11:08  Roach x5, Evolution Chamber  
  173  11:10  Roach  
  167  11:16  Roach x2  
  171  11:24  Hatchery  
Show
View Real Time Build Order
Export as new Build Order

HeroMarine Terran 

Build Orders: Reaper Expand, Hellion Banshee 

Get SALT Encoding   

  12  0:00  SCV  
  13  0:12  SCV  
  14  0:17  Supply Depot  
  14  0:24  SCV  
  15  0:38  SCV  
  15  0:39  Barracks  
  16  0:42  Refinery  
  16  0:50  SCV  
  17  1:02  SCV  
  18  1:14  SCV  
  19  1:26  Orbital Command, Reaper  
  20  1:38  Command Center  
  20  1:47  Supply Depot  
  20  1:52  SCV  
  21  1:58  Marine  
  22  2:04  SCV  
  23  2:10  Factory  
  23  2:16  SCV  
  23  2:19  Barracks Reactor  
  24  2:28  SCV  
  24  2:34  Command Center  
  24  2:40  SCV  
  25  2:50  Orbital Command  
  25  2:52  SCV  
  25  2:54  Hellion  
  28  3:02  Starport  
  28  3:05  SCV  
  29  3:09  Refinery  
  29  3:17  SCV x2  
  31  3:21  Hellion x2  
  31  3:23  Barracks Tech Lab  
  35  3:29  SCV x2  
  37  3:41  SCV x2  
  38  3:45  Banshee  
  38  3:46  Orbital Command  
  42  3:51  Hellion x2  
  42  3:53  SCV x2  
  48  3:56  Cloaking Field  
  49  4:05  SCV x2, Supply Depot  
  51  4:12  Hellion  
  51  4:13  Hellion  
  51  4:14  SCV  
  55  4:17  SCV  
  55  4:18  SCV  
  55  4:21  Supply Depot  
  57  4:26  SCV  
  57  4:28  Banshee  
  57  4:29  SCV  
  57  4:30  SCV  
  57  4:31  Supply Depot  
  63  4:35  Factory  
  63  4:38  Refinery x2  
  63  4:39  Hellion  
  63  4:41  Hellion  
  63  4:42  SCV  
  63  4:43  Orbital Command  
  63  4:44  SCV  
  63  4:45  Barracks Reactor  
  69  4:54  SCV, Supply Depot  
  69  4:55  Hyperflight Rotors  
  69  4:56  SCV  
  71  5:01  Hellion  
  71  5:02  Hellion  
  71  5:06  SCV  
  76  5:08  SCV x2  
  78  5:15  Supply Depot  
  78  5:16  Banshee  
  78  5:19  SCV  
  78  5:20  SCV x2  
  84  5:28  Refinery x2  
  84  5:29  Factory  
  84  5:31  SCV  
  84  5:32  SCV x2  
  84  5:33  Cyclone x2  
  91  5:37  Hellion x2  
  95  5:43  SCV  
  95  5:44  SCV x2  
  87  5:55  SCV  
  87  5:56  SCV x2  
  87  5:59  Banshee  
  86  6:07  Cyclone x3, SCV  
  86  6:08  SCV x2  
  95  6:13  Cyclone  
  95  6:17  Factory Tech Lab  
  97  6:19  SCV  
  97  6:20  SCV x2  
  100  6:25  Factory  
  100  6:26  Factory  
  100  6:31  SCV  
  101  6:35  SCV x2  
  101  6:40  Cyclone  
  101  6:41  Cyclone x2  
  101  6:42  Cyclone  
  101  6:43  Hurricane Engines  
  101  6:47  Supply Depot  
  101  6:49  Banshee, Cyclone, SCV x3  
  101  6:52  Supply Depot  
  109  6:58  Armory  
  109  7:11  Command Center  
  109  7:12  Cyclone  
  109  7:13  Factory Tech Lab, Cyclone x2, Factory Reactor  
  109  7:14  SCV  
  116  7:16  SCV x2  
  121  7:29  Cyclone  
  120  7:34  Cyclone x2  
  118  7:38  Banshee  
  118  7:40  SCV  
  118  7:41  SCV  
  107  7:44  Cyclone  
  107  7:45  Cyclone  
  107  7:46  Cyclone  
  90  7:52  SCV  
  90  7:55  Cyclone x2  
  89  8:01  Cyclone  
  89  8:06  Cyclone x2  
  89  8:11  SCV  
  87  8:16  Cyclone  
  87  8:17  Cyclone  
  87  8:18  Cyclone  
  76  8:27  Cyclone x2  
  76  8:29  Banshee  
  76  8:30  SCV  
  77  8:38  SCV  
  74  8:42  SCV  
  73  8:50  SCV  
  73  8:53  Orbital Command  
  73  8:54  SCV  
  73  8:55  Orbital Command  
  74  9:07  SCV  
  74  9:09  SCV, Starport  
  73  9:12  Banshee  
  73  9:16  Terran Vehicle Weapons Level 1  
  76  9:19  SCV x2  
  76  9:22  SCV x2  
  80  9:31  SCV x2  
  82  9:34  SCV x2  
  84  9:41  Cyclone x4  
  84  9:43  SCV x2  
  84  9:44  Cyclone  
  93  9:46  SCV x2  
  93  9:47  Starport Tech Lab  
  93  9:51  Cyclone  
  97  9:53  Engineering Bay  
  97  9:54  Cyclone  
  97  9:55  SCV x2  
  97  9:58  Banshee, SCV  
  97  9:59  SCV  
  106  10:07  Banshee, SCV  
  106  10:13  Cyclone  
  110  10:16  Cyclone x2  
  110  10:18  Cyclone  
  110  10:20  Orbital Command  
  112  10:23  Cyclone  
  112  10:24  Cyclone  
  103  10:29  Cyclone x2  
  92  10:45  Cyclone  
  92  10:47  SCV  
  92  10:48  Cyclone, SCV  
  92  10:49  Cyclone  
  98  10:53  Cyclone  
  98  10:56  Cyclone x2  
  95  11:01  Cyclone  
Tags
 
Add a new tag
Caveats
  • Supply blocks, unpowered buildings, or Contaminate may cause inaccurate times.
  • Supply counts are checked every 10 seconds.